 Dungeon Crawl Stone Soup version 0.18-a0-1692-g516f9e9 (webtiles) character file.

536 lastone the Poker (level 7, -2/49 HPs)
             Began as a Demonspawn Wanderer on Apr 5, 2016.
             Was an Initiate of Okawaru.
             Slain by Insane's ghost (5 damage)
             ... on level 4 of the Dungeon.
             The game lasted 00:07:50 (2691 turns).

lastone the Poker (Demonspawn Wanderer)             Turns: 2691, Time: 00:07:51

Health: -2/49      AC:  8    Str: 18 (20) XL:     7   Next: 4%
Magic:  18/18      EV: 11    Int: 13      God:    Okawaru [......]
Gold:   202        SH:  0    Dex: 12      Spells: 0 memorised, 8 levels left

rFire  . . .     SeeInvis .     k - +2 spear (freeze)
rCold  + . .     Gourm    .     y - +3 leather armour of Sloth {+Blink}
rNeg   . . .     Faith    .     (no shield)
rPois  .         Spirit   .     (no helmet)
rElec  .         Dismiss  .     (no cloak)
rCorr  .         Reflect  .     (no gloves)
SustAt .         Harm     .     (no boots)
MR     .....                    (no amulet)
Stlth  +.........               (no ring)
                                v - ring of magical power

@: mighty, not resistant to hostile enchantments, very unstealthy
A: thin metallic scales 1, cold resistance 1, powered by death 1, freezing cloud
immunity
a: Renounce Religion, Evoke Blink


You were on level 4 of the Dungeon.
You worshipped Okawaru.
Okawaru was noncommittal.
You were not hungry.

You visited 2 branches of the dungeon, and saw 5 of its levels.

You collected 202 gold pieces.

Inventory:

Hand Weapons
 a - a +2 hand crossbow
 k - a +2 spear of freezing (weapon)
Missiles
 b - 20 bolts
Armour
 e - a +0 robe
 w - a +3 large shield
 x - a +0 chain mail
 y - the +3 leather armour of Sloth (worn) {+Blink}
   (You found it on level 4 of the Dungeon)

   It lets you blink.
Jewellery
 r - an uncursed amulet of dismissal
 v - a ring of magical power (left hand)
Scrolls
 g - a scroll of fear {unknown}
 i - a scroll of blinking
 n - a scroll of teleportation
 q - a scroll of amnesia
 E - a scroll of identify {unknown}
Potions
 z - a potion of berserk rage
 D - a potion of lignification {unknown}
Books
 c - the Reference Book on Heat

   Spells                             Type                      Level
   a - Flame Tongue                   Conjuration/Fire             1
   b - Inner Flame                    Hexes/Fire                   3
 d - the Reference Book on Fire

   Spells                             Type                      Level
   a - Flame Tongue                   Conjuration/Fire             1
   b - Ignite Poison                  Fire/Transmutation/Poison    3
 s - a Fen Folio

   Spells                             Type                      Level
   a - Corpse Rot                     Necromancy                   2
   b - Stone Arrow                    Conjuration/Earth            3
   c - Leda's Liquefaction            Hexes/Earth                  4
   d - Summon Forest                  Summoning/Translocation      5
   e - Hydra Form                     Transmutation                6
   f - Summon Hydra                   Summoning                    7
 A - a book of Hinderance

   Spells                             Type                      Level
   a - Confusing Touch                Hexes                        2
   b - Confuse                        Hexes                        3
   c - Gell's Gravitas                Hexes/Translocation          3
   d - Petrify                        Transmutation/Earth          4
   e - Metabolic Englaciation         Hexes/Ice                    5
   f - Yara's Violent Unravelling     Hexes/Transmutation          5
Comestibles
 f - 5 bread rations
 j - a slice of pizza
 p - 6 fruits
 u - a beef jerky
 C - a meat ration


   Skills:
 - Level 1.8 Fighting
 + Level 6.1 Polearms
 - Level 1.7 Crossbows
 - Level 2.6 Armour
 - Level 1.0 Stealth
 - Level 1.4 Spellcasting
   Level 1.0 Charms
   Level 1.7 Fire Magic
 - Level 1.0 Evocations


You had 8 spell levels left.
You didn't know any spells.

Dungeon Overview and Level Annotations

Branches:
Dungeon (4/15)             Temple (1/1) D:4

Altars:
Ashenzari
Elyvilon
Kikubaaqudgha
Okawaru
Pakellas
Qazlal
Sif Muna
Trog
Zin

Annotations:
D:4 Insane's ghost, amateur DsWn


Innate Abilities, Weirdness & Mutations

You are partially covered in thin metallic scales (AC +2).
Your flesh is cold resistant.
You regenerate a little health from kills.
You are immune to freezing clouds.


Message History

Insane's ghost hits you but does no damage.
Drink which item? (? for menu, Esc to quit)
Okay, then.
Unknown command.
You completely miss Insane's ghost.
Insane's ghost is heavily damaged.
Insane's ghost hits you.
* * * LOW HITPOINT WARNING * * *
You barely miss Insane's ghost.
Insane's ghost is heavily damaged.
You hit Insane's ghost but do no damage.
Insane's ghost is heavily damaged.
Insane's ghost hits you.
* * * LOW HITPOINT WARNING * * *
You hit Insane's ghost but do no damage.
Insane's ghost is heavily damaged.
Insane's ghost hits you!
* * * LOW HITPOINT WARNING * * *
Insane's ghost hits you.
You die...

#.......### #.# #.#####.#
#.# ###.# #.#### #.# #...#
#..>.## #.# #.#.# #.#...##
#.# #.#.#####......###.#
##.#..............#.#
###...##..###....§§...#
#..........@.#...§§..##
#.#...##.###W##......# ##
#.##.###)# #.##......# #.
#.##.# #)# #.....>...# #.
#.##.# #.# ####.#.##.# #)
#.##.###)######.#.##.# ##)
#.##............#.##.# #..
#.##.###)######.#.# .# #.#
#.##.###.######.#.##.#####.#


You could see Insane's ghost.

Vanquished Creatures
  2 ogres (D:4)
  A crimson imp (D:3)
  A hound (D:4)
  3 worker ants
  4 adders
  8 gnolls
  6 giant geckos
  15 orcs
  A ball python (D:3)
  6 giant cockroaches
  8 goblins
  5 hobgoblins
  10 jackals
  7 kobolds
  2 quokkas (D:2)
  6 bats
  5 giant newts
  17 rats
107 creatures vanquished.

Notes
Turn   | Place    | Note
--------------------------------------------------------------
     0 | D:1      | lastone the Demonspawn Wanderer began the quest for the Orb.
     0 | D:1      | lastone set off with: a +2 hand crossbow, 25 bolts, the Reference Book on Heat, the Reference Book on Fire, a +0 robe, a bread ration
     0 | D:1      | Reached XP level 1. HP: 13/13 MP: 1/1
     0 | D:1      | Identified the Reference Book on Heat
     0 | D:1      | Identified the Reference Book on Fire
    38 | D:1      | Reached skill level 1 in Fighting
    67 | D:1      | Gained mutation: You regenerate a little health from kills. [demonic ancestry]
    67 | D:1      | Reached XP level 2. HP: 21/21 MP: 3/3
   116 | D:1      | Reached skill level 1 in Spellcasting
   451 | D:1      | Gained mutation: You are partially covered in thin metallic scales (AC +2). [demonic ancestry]
   451 | D:1      | Reached XP level 3. HP: 27/27 MP: 5/5
   562 | D:2      | Reached skill level 1 in Polearms
   817 | D:2      | Reached skill level 2 in Polearms
   872 | D:2      | Gained mutation: Your flesh is cold resistant. [demonic ancestry]
   872 | D:2      | Reached XP level 4. HP: 33/33 MP: 6/6
  1509 | D:3      | Found an ancient bone altar of Kikubaaqudgha.
  1524 | D:3      | Reached skill level 3 in Polearms
  1573 | D:3      | Reached XP level 5. HP: 38/38 MP: 7/7
  1809 | D:3      | Reached skill level 4 in Polearms
  1942 | D:4      | Noticed an ogre
  1984 | D:4      | Killed an ogre
  1984 | D:4      | Reached XP level 6. HP: 30/44 MP: 8/8
  2027 | D:4      | Got a heavily runed leather armour
  2038 | D:4      | Identified the +3 leather armour of Sloth {+Blink} (You found it on level 4 of the Dungeon)
  2189 | D:4      | Reached skill level 5 in Polearms
  2420 | D:4      | Reached skill level 6 in Polearms
  2420 | D:4      | Gained mutation: You are immune to freezing clouds. [demonic ancestry]
  2420 | D:4      | Reached XP level 7. HP: 48/49 MP: 9/9
  2480 | D:4      | Noticed Insane's ghost (amateur DsWn)
  2605 | D:4      | Found a staircase to the Ecumenical Temple.
  2611 | Temple   | Entered the Ecumenical Temple
  2628 | Temple   | Became a worshipper of Warmaster Okawaru
  2683 | D:4      | HP: 1/49 [Insane's ghost (7)]
  2691 | D:4      | Slain by Insane's ghost

Vault maps used:
D:1:      erik_arrival_orb_chamber
D:2:      first_bread
D:3:      lemuel_round_altar
D:4:      minmay_temple_entry_purple_smoke
Temple:   nicolae_temple_elliptical

Skill      XL: |  1  2  3  4  5  6 |
---------------+-------------------+-----
Fighting       | 1 |  1.8
Spellcasting   | 1 |  1.4
Polearms       | 2 3 4 6 |  6.1
Crossbows      | |  1.7
Armour         | |  2.6
Stealth        | |  1.0
Charms         | |  1.0
Fire Magic     | |  1.7
Evocations     | |  1.0

Action                   |  1- 3 |  4- 6 |  7- 9 || total
-------------------------+-------+-------+-------++-------
Melee: Spear             |   105 |   181 |    53 ||   339
 Fire: Hand crossbow     |    29 |     7 |       ||    36
  Use: Scroll            |       |     7 |       ||     7
       Potion            |       |     7 |     1 ||     8
 Stab: Sleeping          |     3 |     4 |     1 ||     8
  Eat: Chunk             |       |     5 |     1 ||     6
